 Dungeon Crawl Stone Soup version 0.23-a0-180-ga5275e7 (webtiles) character file.

85 Inarius the Skirmisher (level 4, -1/35 HPs)
             Began as a Mummy Fighter on Sept 18, 2018.
             Slain by Natasha (5 damage)
             ... on level 2 of the Dungeon.
             The game lasted 00:03:36 (1607 turns).

Inarius the Skirmisher (Mummy Fighter)              Turns: 1607, Time: 00:03:37

Health: -1/35      AC:  7    Str: 20    XL:     4   Next: 25%
Magic:  4/4        EV:  7    Int:  7    God:
Gold:   135        SH:  9    Dex: 11    Spells: 3/3 levels left

rFire    x . .     SeeInvis .   a - +0 war axe
rCold    + . .     Gourm    .   c - +0 shield
rNeg     + + +     Faith    +   b - +0 scale mail
rPois    ∞         Spirit   .   f - +0 helmet
rElec    .         Reflect  .   (no cloak)
rCorr    .         Harm     .   (no gloves)
MR       .....                  (no boots)
Stlth    ..........             d - amulet of faith
HPRegen  0.11/turn              (no ring)
MPRegen  0.09/turn              (no ring)

@: no status effects
A: no food or potions, fire vulnerability, cold resistance 1, negative energy
resistance 3, torment resistance, unbreathing
a: no special abilities


You were on level 2 of the Dungeon.
You were not hungry.

You visited 1 branch of the dungeon, and saw 2 of its levels.

You collected 135 gold pieces.

Inventory:

Hand Weapons
 a - a +0 war axe (weapon)
Armour
 b - a +0 scale mail (worn)
 c - a +0 shield (worn)
 f - a +0 helmet (worn)
Jewellery
 d - an amulet of faith (around neck)
Scrolls
 e - 2 scrolls of teleportation {unknown}
 g - a scroll of enchant armour {unknown}
 h - a scroll of remove curse {unknown}


   Skills:
 + Level 3.5 Fighting
 + Level 2.1 Axes
 + Level 2.7 Armour
 + Level 0.1 Dodging
 + Level 3.3 Shields


You had 3 spell levels left.
You didn't know any spells.
Your spell library was empty.

Dungeon Overview and Level Annotations

Branches:
Dungeon (2/15)

Altars:

Annotations:
D:2 Natasha


Innate Abilities, Weirdness & Mutations

You do not eat or drink.
Your flesh is vulnerable to fire.
You are immune to poison.
Your flesh is cold resistant. (rC+)
You are immune to negative energy. (rN+++)
You are immune to unholy pain and torment.
You can survive without breathing.


Message History

You closely miss Natasha.
Natasha is heavily wounded.
You hit the shadow imp. The shadow imp barely misses you.
Natasha claws you but does no damage.
You closely miss Natasha.
Natasha is heavily wounded.
You barely miss the shadow imp. The shadow imp barely misses you.
Natasha claws you but does no damage. The shadow imp hits you.
Natasha claws you!
* * * LOW HITPOINT WARNING * * *
You hit Natasha.
Natasha is heavily wounded.
You slash the shadow imp!
You kill the shadow imp!
Natasha claws you.
* * * LOW HITPOINT WARNING * * *
You barely miss Natasha.
Natasha is heavily wounded.
You block Natasha's attack. Natasha claws you.
You die...

.# # ####.# # #.#....##
#.#.#..... #.......#
#......# #...h..# #@#
#.# #.# ##'## #### ###
##...## #.. . .
##.....## #.# .# #
#.......## ##.##.# #
...........####.....###
...........'...........


You could see Natasha.

Vanquished Creatures
  Terence (D:2)
  An adder (D:2)
  A gnoll (D:1)
  2 oozes
  A dart slug (D:1)
  2 giant cockroaches (D:1)
  2 hobgoblins (D:1)
  3 kobolds
  A quokka (D:2)
  3 bats
  A frilled lizard (D:2)
  3 goblins
  14 rats (D:1)
35 creatures vanquished.

Notes
Turn   | Place    | Note
-------+----------+-------------------------------------------
     0 | D:1      | Inarius the Mummy Fighter began the quest for the Orb.
     0 | D:1      | Reached XP level 1. HP: 18/18 MP: 1/1
    57 | D:1      | Reached XP level 2. HP: 20/24 MP: 2/2
   321 | D:1      | Reached XP level 3. HP: 21/29 MP: 3/3
   868 | D:2      | Noticed Terence
   920 | D:2      | Killed Terence
   920 | D:2      | Reached XP level 4. HP: 3/35 MP: 4/4
  1591 | D:2      | Noticed Natasha
  1607 | D:2      | Slain by Natasha

Vault maps used:
D:1:      erik_arrival_orb_chamber, minivault_23
D:2:      first_ration, uniq_natasha, uniq_terence

Skill      XL: |  1  2  3 |
---------------+----------+-----
Axes           | 2 |  2.1
Shields        | 3 |  3.3
Fighting       | |  3.5
Armour         | |  2.7
Dodging        | |  0.1

Action                   |  1- 3 |  4- 6 || total
-------------------------+-------+-------++-------
Melee: War axe           |    94 |    43 ||   137
Armor: Scale mail        |    42 |    20 ||    62
Dodge: Dodged            |    37 |    19 ||    56
Block: Shield            |    55 |    27 ||    82

Table legend:
 A = Non-vault XP
 B = Vault XP
 C = Vault XP percentage of total XP
 D = Non-vault monster count
 E = Vault monster count
 F = Vault count percentage of total count
                 A         B        C        D         E       F
            +---------+---------+-------+---------+---------+-------
      Total |      72 |      50 |  41.0 |      22 |      13 |  37.1
            +---------+---------+-------+---------+---------+-------
        D:1 |      41 |      12 |  22.6 |      13 |      12 |  48.0
        D:2 |      31 |      38 |  55.1 |       9 |       1 |  10.0
            +---------+---------+-------+---------+---------+-------
